 Dungeon Crawl Stone Soup version 0.29.1-15-g9cfb28693d (webtiles) character file.

Game seed: 9364848754683559196

4264 wingedge the Magician (level 10, -14/68 HPs)
             Began as a Human Wanderer on Mar 7, 2023.
             Was a Follower of Hepliaklqana.
             Demolished by a red ugly thing (18 damage)
             ... on level 7 of the Dungeon on Mar 8, 2023.
             The game lasted 00:54:01 (12022 turns).

wingedge the Magician (Human Wanderer)             Turns: 12022, Time: 00:54:01

Health: -14/68     AC: 11    Str: 16    XL:     10   Next: 56%
Magic:  7/7        EV: 14    Int: 21    God:    Hepliaklqana [*.....]
Gold:   344        SH:  0    Dex: 12    Spells: 20/23 levels left

rFire   . . .      SeeInvis .   b - +11 rapier of Gehenna {antimagic, rC- rN++ Int+4 Stlth+}
rCold   x . .      Faith    .   (no shield)
rNeg    + + .      Spirit   .   L - +3 ring mail of Okawaru's Hope {Dex+3}
rPois   +          Reflect  .   S - +0 helmet
rElec   +          Harm     .   (no cloak)
rCorr   +          Rampage  .   (no gloves)
Will    .....                   z - +1 pair of boots
Stlth   +++.......              X - amulet "Wietsao" {RegenMP Drain rElec rPois Regen+}
HPRegen 1.01/turn               G - +4 ring of evasion
MPRegen 0.50/turn               Z - ring of resist corrosion

@: no status effects
A: reduced essence
a: Renounce Religion, Recall Ancestor, Ancestor Identity


You were on level 7 of the Dungeon.
You worshipped Hepliaklqana.
Hepliaklqana was aware of your devotion.
You visited 2 branches of the dungeon, and saw 8 of its levels.
You also visited: Sewer.

You collected 540 gold pieces.
You spent 196 gold pieces at shops.

Inventory:

Hand Weapons
 a - a +1 whip of electrocution
 b - the +11 rapier of Gehenna (weapon) {antimagic, rC- rN++ Int+4 Stlth+}
   (You took it off a centaur on level 7 of the Dungeon)

   It reduces the magical energy of the wielder, and disrupts the spells and
   magical abilities of those it strikes.
   Natural abilities and divine invocations are not affected.
   Int:       It affects your intelligence (+4).
   rC:        It makes you vulnerable to cold.
   rN:        It greatly protects you from negative energy.
   Stlth:     It makes you more stealthy.
 h - a +0 dagger of holy wrath
 r - a +0 vorpal mace
 v - a +2 dagger of venom
 T - a +0 war axe of flaming
Missiles
 c - 48 poisoned darts (quivered)
 t - 2 silver boomerangs
 x - 5 boomerangs
 N - 2 curare-tipped darts
Armour
 z - a +1 pair of boots (worn)
 A - a scarf of shadows
 L - the +3 ring mail of Okawaru's Hope (worn) {Dex+3}
   (You found it on level 5 of the Dungeon)

   Dex:       It affects your dexterity (+3).
 S - a +0 helmet (worn)
Magical Staves
 e - a staff of air
 Y - a staff of death
Jewellery
 G - a +4 ring of evasion (left hand)
 X - the amulet "Wietsao" (around neck) {RegenMP Drain rElec rPois Regen+}
   (You found it on level 7 of the Dungeon)

   [amulet of magic regeneration]

   It increases your rate of magic regeneration.
   rElec:     It insulates you from electricity.
   rPois:     It protects you from poison.
   Regen:     It increases your rate of health regeneration.
   Drain:     It drains your maximum health when unequipped.
 Z - a ring of resist corrosion (right hand)
Wands
 M - a wand of roots (10)
 U - a wand of polymorph (5)
Scrolls
 d - a scroll of summoning
 f - 2 scrolls of teleportation
 g - 2 scrolls of torment {unknown}
 j - 3 scrolls of magic mapping
 n - 2 scrolls of fear
 o - 3 scrolls of butterflies
 s - 2 scrolls of immolation {unknown}
 u - 2 scrolls of enchant weapon {unknown}
 y - a scroll of acquirement {unknown}
 E - a scroll of enchant armour {unknown}
 H - 2 scrolls of vulnerability {unknown}
 I - 2 scrolls of noise {unknown}
 J - a scroll of silence {unknown}
 O - 2 scrolls of amnesia {unknown}
 R - a scroll of poison {unknown}
 V - a scroll of identify
 W - a scroll of blinking {unknown}
Potions
 i - 2 potions of attraction
 k - a potion of haste {unknown}
 l - 2 potions of berserk rage
 m - 4 potions of heal wounds {unknown}
 p - 2 potions of lignification
 q - 4 potions of might
 w - a potion of magic {unknown}
 B - a potion of brilliance {unknown}
 C - 2 potions of cancellation {unknown}
 D - 2 potions of resistance {unknown}
 F - 3 potions of curing
 K - a potion of mutation {unknown}
 Q - a potion of flight {unknown}


   Skills:
 - Level 6.0 Fighting
 + Level 0.7 Short Blades
 - Level 2.0 Maces & Flails
 - Level 1.0 Throwing
 + Level 2.1 Armour
 - Level 5.0 Stealth
 - Level 4.0 Unarmed Combat
 + Level 7.3 Spellcasting
 - Level 5.0 Conjurations
 + Level 3.8 Necromancy
 - Level 2.0 Translocations
 - Level 5.0 Fire Magic
 + Level 3.8 Earth Magic


You had 20 spell levels left.
You knew the following spells:

 Your Spells              Type           Power      Damage    Failure   Level
a - Foxfire               Conj/Fire      100%       2x1d9     1%          1
b - Blink                 Tloc           32%        N/A       11%         2

Your spell library contained the following spells:

 Spells                   Type           Power      Damage    Failure   Level
 Beastly Appendage        Tmut           14%        N/A       16%         1
 Lesser Beckoning         Tloc           16%        N/A       21%         3
 Wereblood                Tmut           7%         N/A       24%         2
 Ignite Poison            Fire/Tmut/Pois 14%        N/A       24%         3
 Portal Projectile        Hex/Tloc       22%        N/A       30%         3
 Ozocubu's Armour         Ice            7%         N/A       43%         3
 Spider Form              Tmut/Pois      7%         N/A       43%         3
 Tukima's Dance           Hex            7%         N/A       43%         3
 Borgnjor's Vile Clutch   Necr/Erth      11%        N/A       65%         5
 Manifold Assault         Tloc           16%        N/A       88%         5
 Alistair's Intoxication  Tmut/Pois      4%         N/A       99%         5
 Blade Hands              Tmut           3%         N/A       99%         5
 Eringya's Noxious Bog    Tmut/Pois      3%         N/A       100%        6
 Ozocubu's Refrigeration  Ice            3%         4d8       100%        7


Dungeon Overview and Level Annotations

Branches:
Dungeon (7/15)             Temple (1/1) D:6           Sewer (visited)

Altars:
Ashenzari
Hepliaklqana
Kikubaaqudgha
Makhleb
Nemelex Xobeh
Okawaru
Xom
Yredelemnul

Shops:
D:3 **[[


Message History

Okay, then.
Aiming: Mindburst
Press: ? - help, Shift-Dir - straight line, f - red ugly thing
Aim: a red ugly thing (not watching you, ally target, chance to affect: 47%)
The red ugly thing resists with some effort.
You hear an angry buzzing noise.
Aiming: Mindburst
Press: ? - help, Shift-Dir - straight line, f/p - red ugly thing
Aim: a red ugly thing (ally target, chance to affect: 47%)
The red ugly thing's mind is blasted!
The now-empty wand crumbles to dust.
Okay, then.
Casting: Foxfire (safe; 1% risk of failure)
Confirm with . or Enter, or press ? or * to list all spells.
Okay, then.
Okay, then.
Okay, then.
Decima hits the red ugly thing.
The red ugly thing tail-slaps Decima.
Decima is engulfed in flames.
Decima resists.
You hit the red ugly thing but do no damage.
Your punch misses the red ugly thing.
The red ugly thing is moderately wounded.
Decima hits the red ugly thing!
The red ugly thing tail-slaps Decima.
Decima is engulfed in flames.
Decima resists.
You puncture the red ugly thing!
The red ugly thing is heavily wounded.
Decima hits the red ugly thing but does no damage.
The red ugly thing tail-slaps you.
You are engulfed in flames!
Decima hits the red ugly thing!
You puncture the red ugly thing!
The red ugly thing is severely wounded.
The red ugly thing tail-slaps you!
You are engulfed in flames!!
* * * LOW HITPOINT WARNING * * *
Decima hits the red ugly thing.
As you read the scroll of summoning, it crumbles to dust.
Wisps of shadow whirl around you... The red ugly thing tail-slaps you!
* * * LOW HITPOINT WARNING * * *
You are engulfed in flames!!
You die...

#..###...⌠)..##'.#.#.#)#.#.
##..#.#.#...#[#:##.#.#.#.#)#
##...#...##.##...#.#.#.#.#.#.
#####....##.#.....#.###.#.#.#.#.#
..........##..###..## ##.#.#.#.##
###........##..#..## ##.#.#.##.
##<.......###5### #######..
#.####..##.J...# ##.## ##. #.#
#..####[R@### ##.#.### ## ##.#
#.###.##u##.####.###..## #
#..###.#.##.#5#.##.#.## ###R##
##......#..##...##..#.# ##u#
##....#..#.....8.....'.#. #)#
#....###.#..##...##..#.#y# ##.#
#.....##.#.##.#.#.##.#.##.###u##
##>##..#.###.##.##)####. #.=)## #
##.###....### ... ###.##.##### ##


You could see the friendly Decima the ancestor, a red ugly thing (ally target),
a friendly jelly (summoned), a friendly white imp (summoned) and a friendly
shadow imp (summoned).

Vanquished Creatures
  A slime creature (D:7)
  A steam dragon (D:6)
  A vampire mosquito (D:7)
  A water moccasin (D:7)
  Duvessa (D:5)
  An ice beast (D:5)
  2 orc warriors (D:7)
  2 black bears (D:7)
  3 ogres
  A centaur (D:7)
  A phantom (D:5)
  2 bullfrogs
  3 kobold brigands
  A scorpion (D:7)
  2 necrophages
  Dowan (D:5)
  A wight (D:7)
  4 killer bees (D:7)
  A howler monkey (D:2)
  3 jellies
  A gnoll bouda (D:5)
  2 orc priests
  3 hounds
  4 iguanas
  3 orc wizards
  Natasha (D:3)
  4 gnolls (D:5)
  9 adders
  5 river rats (Sewer)
  2 white imps (D:7)
  An ufetubus (D:4)
  8 worms
  4 dart slugs
  21 orcs
  4 bats
  3 endoplasms
  2 giant cockroaches
  6 goblins
  7 hobgoblins
  5 jackals
  15 kobolds
  8 quokkas
  2 training dummies (D:5)
  7 ball pythons
  6 frilled lizards
  4 rats
170 creatures vanquished.

Vanquished Creatures (collateral kills)
  Prince Ribbit (D:7)
  A wraith (D:7)
  A water moccasin (D:7)
  3 ice beasts
  A black bear (D:7)
  A kobold brigand (D:7)
  A bullfrog (D:7)
  A necrophage (D:7)
  A killer bee (D:7)
  An orc priest (D:7)
  An orc wizard (D:7)
  2 adders (D:6)
  4 orcs (D:7)
  7 foxfires (Sewer)
26 creatures vanquished.

Vanquished Creatures (others)
  3 ancestors (D:7)
  794 foxfires
  15 plants (Sewer)
812 creatures vanquished.

Grand Total: 1008 creatures vanquished

Notes
Turn   | Place    | Note
-------+----------+-------------------------------------------
     0 | D:1      | wingedge the Human Wanderer began the quest for the Orb.
     0 | D:1      | wingedge set off with the following items: a +0 dagger, 2
                  | scrolls of fear, 12 poisoned darts, a scroll of summoning,
                  | a +0 leather armour; and the following spell memorised:
                  | Foxfire; and the following spells available to memorise:
                  | Ignite Poison.
     0 | D:1      | Reached XP level 1. HP: 15/15 MP: 4/4
   221 | D:1      | Reached XP level 2. HP: 21/21 MP: 6/6
   298 | D:1      | Reached skill level 1 in Conjurations
   298 | D:1      | Reached skill level 1 in Fire Magic
   547 | D:1      | Reached XP level 3. HP: 26/26 MP: 2/7
  1681 | D:2      | Found a faded altar of an unknown god.
  1882 | D:2      | Found a shimmering altar of Xom.
  1892 | D:2      | Reached XP level 4. HP: 32/32 MP: 3/8
  2393 | D:3      | Found Gujag's Antique Armour Emporium.
  2547 | D:2      | Reached XP level 5. HP: 32/38 MP: 4/9
  3066 | D:3      | Found Bourchent's Assorted Antiques.
  3101 | D:3      | Bought a brown potion for 18 gold pieces
  3101 | D:3      | Bought a glowing scarf for 160 gold pieces
  3112 | D:3      | Bought a fizzy clear potion for 18 gold pieces
  3141 | D:3      | Found Irghur Osap's Antique Armour Emporium.
  3216 | D:3      | Found Jirex's Assorted Antiques.
  3218 | D:3      | Found an iron altar of Okawaru.
  3337 | D:3      | Noticed Natasha
  3340 | D:3      | Killed Natasha
  3723 | D:4      | Reached XP level 6. HP: 30/46 MP: 0/10
  3873 | D:4      | Found a glowing drain.
  3937 | Sewer    | Entered a sewer
  4440 | Sewer    | Reached skill level 1 in Maces & Flails
  4440 | Sewer    | Reached XP level 7. HP: 52/52 MP: 8/11
  5428 | D:4      | Found a shimmering altar of Xom.
  5429 | D:4      | Found a hazy altar of Hepliaklqana.
  5430 | D:4      | Noticed a spectral ugly thing
  5430 | D:4      | Noticed a Killer Klown
  5458 | D:4      | Found a burning altar of Makhleb.
  5523 | D:4      | Became a worshipper of Hepliaklqana the Forgotten
  6094 | D:5      | Entered Level 5 of the Dungeon
  6372 | D:5      | Found a basalt altar of Yredelemnul.
  6408 | D:5      | Identified the +3 ring mail of Okawaru's Hope {Dex+3}
  6500 | D:5      | Reached XP level 8. HP: 58/58 MP: 3/12
  6582 | D:5      | Noticed Duvessa
  6582 | D:5      | Noticed Dowan
  6597 | D:5      | Killed Dowan
  6598 | D:5      | Reached skill level 5 in Stealth
  6601 | D:5      | Killed Duvessa
  7438 | D:5      | Reached skill level 5 in Fire Magic
  7592 | D:6      | Found a staircase to the Ecumenical Temple.
  7649 | D:6      | Found a large runed translucent door.
  7649 | D:6      | Found a large runed translucent door.
  7653 | Temple   | Entered the Ecumenical Temple
  7691 | D:6      | Noticed Maggie
  7830 | D:6      | Reached skill level 5 in Conjurations
  7877 | D:6      | Found a shimmering altar of Xom.
  7894 | D:6      | Reached skill level 4 in Spellcasting
  8050 | D:6      | Reached * piety under Hepliaklqana
  8059 | D:6      | Reached XP level 9. HP: 58/58 MP: 10/15
  8249 | D:6      | Reached skill level 5 in Spellcasting
  8550 | D:6      | Reached skill level 1 in Necromancy
  8550 | D:6      | Reached skill level 1 in Earth Magic
  8980 | D:7      | Found an ancient bone altar of Kikubaaqudgha.
  9000 | D:7      | Learned a level 2 spell: Blink
  9059 | D:7      | Noticed Prince Ribbit
  9066 | D:7      | Killed Prince Ribbit
  9067 | D:7      | Reached skill level 1 in Translocations
  9878 | D:7      | Reached skill level 6 in Spellcasting
 10108 | D:7      | Reached skill level 5 in Fighting
 10345 | D:7      | Reached XP level 10. HP: 66/66 MP: 13/19
 10840 | D:7      | Reached skill level 7 in Spellcasting
 10980 | D:7      | Reached skill level 1 in Armour
 10999 | D:7      | Identified the +11 rapier of Gehenna {antimagic, rC- rN++
                  | Int+4 Stlth+}
 11348 | D:7      | Identified the amulet "Wietsao" {RegenMP Drain rElec rPois
                  | Regen+}
 11688 | D:7      | Noticed a red ugly thing
 11690 | D:7      | Identified the ring "Sattoe" {rC+ rN+ Str+3}
 12022 | D:7      | Demolished by a red ugly thing

Illustrated notes

Levels and vault maps discovered:
D:1:      beargit_arrival_diablo_church, layout_basic, kennysheep_pointless_box,
          nrook_uturn
D:2:      layout_loops_corners, basic_altar, chequers_ecumenical_altar_grove,
          corexii_leaking_fountain, minmay_ruptured
D:3:      layout_rooms, mainiacjoe_overflow_alcove_2, serial_shops,
          nicolae_shop_advertising_works [nicolae_subvault_shop_adworks],
          nicolae_shop_crystal, nicolae_diamond_shop, shop,
          corexii_item_surrounded_by_moat, minmay_quadrilaterals, uniq_natasha
D:4:      layout_layer_cave, regret_index_temple_of_mockery,
          makhleb_blood_cavern_becter, cheibrodos_sewer_entry_bend,
          solitary_fountain
D:5:      dreamdust_elfheim, layout_rooms, old_standard_altar, serial_curves,
          eino_curves_03, eino_curves_04, eino_curves_01, eino_curves_03
D:6:      due_chaos_kobolds, layout_loops_ring, temple_fountains, minmay_holes,
          uniq_maggie
D:7:      minmay_the_grid_octo_2x2 [minmay_the_grid_octo_checkered,
          minmay_the_grid_octo_focus, minmay_the_grid_octo_clover_2,
          minmay_the_grid_octo_prize_single_spiral], layout_layer_cave,
          nicolae_kikubaaqudgha_miasma_corner, uniq_prince_ribbit1
Temple:   hellmonk_temple_of_storms

Skill      XL: |  1  2  3  4  5  6  7  8  9 10 |
---------------+-------------------------------+-----
Conjurations   | 1 2 3 4 5 |  5.0
Fire Magic     | 1 2 3 4 5 |  5.0
Fighting       | 2 3 4 5 6 |  6.0
Stealth        | 3 4 5 |  5.0
Maces & Flails | 1 2 |  2.0
Spellcasting   | 4 6 7 |  7.3
Necromancy     | 2 3 |  3.8
Earth Magic    | 2 3 |  3.8
Translocations | 2 |  2.0
Armour         | 2 |  2.1
Short Blades   | |  0.7
Throwing       | |  1.0
Unarmed Combat | |  4.0

Action                   |  1- 3 |  4- 6 |  7- 9 | 10-12 || total
-------------------------+-------+-------+-------+-------++-------
Melee: Whip              |    44 |    58 |    67 |    11 ||   180
       Punch             |     4 |     2 |     6 |     4 ||    16
       Dagger            |       |       |    37 |     7 ||    44
       Rapier            |       |       |       |    31 ||    31
Throw: Dart              |       |     2 |       |       ||     2
 Cast: Foxfire           |    59 |   107 |   240 |    69 ||   475
       Blink             |       |       |       |     1 ||     1
Invok: Recall Ancestor   |       |       |     4 |     4 ||     8
Evoke: Wand              |       |       |       |     2 ||     2
  Use: Scroll            |       |     7 |     4 |     2 ||    13
       Potion            |       |       |       |     1 ||     1
 Stab: Sleeping          |       |       |       |     3 ||     3
Armor: Leather armour    |    26 |       |       |       ||    26
       Ring mail         |       |    28 |    39 |    21 ||    88
Dodge: Dodged            |    25 |    47 |    88 |    47 ||   207
